 Seeded DCSS version 0.30.0-29-ga12c61a403 (webtiles) character file.

Game seed: 11034795970632257232 (custom seed)

218840 OTABOTABOTAB the Merry Kobold (level 19, -62/122 HPs)
             Began as a Kobold Hunter on June 25, 2023.
             Was the Champion of Okawaru.
             Killed from afar by Nikola (85 damage)
             ... with an arc of chain lightning
             ... on level 4 of the Shoals.
             The game lasted 01:01:07 (31803 turns).

OTABOTABOTAB the Merry Kobold (Kobold Hunter)      Turns: 31803, Time: 01:01:08

Health: -62/122    AC: 16    Str:  7    XL:     19   Next: 87%
Magic:  25/26      EV: 38    Int: 10    God:    Okawaru [******]
Gold:   1950       SH:  0    Dex: 32    Spells: 15/18 levels left

rFire   + + +        b - +7 triple crossbow (heavy)
rCold   . . .        (shield currently unavailable)
rNeg    . . .        h - +3 leather armour "Tassoad" {rF+++ Str-3 Dex+5}
rPois   +            m - +1 helmet of Shadows and Fog {Dex+2}
rElec   .            k - +2 cloak
rCorr   .            q - +1 Delatra's gloves {ID++}
SInv    .            g - +2 pair of boots
Will    +....        C - amulet of Vitality {RegenMP++ Regen++}
Stlth   ++++++++     Q - +5 ring of evasion
HPRegen 2.00/turn    P - ring of poison resistance {rPois, !d}
MPRegen 1.00/turn

%: no passive effects
@: portalling projectiles
A: small, no large weapons, nightstalker 3
}: 1/15 runes: gossamer
a: Renounce Religion, Heroism, Finesse, Duel


You were on level 4 of the Shoals.
You worshipped Okawaru.
Okawaru was exalted by your worship.
You visited 6 branches of the dungeon, and saw 31 of its levels.
You also visited: Sewer.

You collected 3250 gold pieces.
You spent 1300 gold pieces at shops.

Inventory:

Hand Weapons
 a - the +27 heavy crossbow "Sniper" {heavy, Acc+∞ SInv}
   (You found it on level 12 of the Dungeon)

   Acc+∞: It never misses its target.
   SInv:      It lets you see invisible.
 b - a +7 heavy triple crossbow (weapon)
   (Okawaru gifted it to you on level 4 of the Lair of Beasts)
Armour
 g - a +2 pair of boots (worn)
   (You found it on level 9 of the Dungeon)
 h - the +3 leather armour "Tassoad" (worn) {rF+++ Str-3 Dex+5}
   (You found it on level 11 of the Dungeon)

   Str:       It affects your strength (-3).
   Dex:       It affects your dexterity (+5).
   rF:        It renders you almost immune to fire.
 k - a +2 cloak (worn)
   (You found it on level 10 of the Dungeon)
 m - the +1 helmet of Shadows and Fog (worn) {Dex+2}
   (Okawaru gifted it to you on level 3 of the Spider Nest)

   Dex:       It affects your dexterity (+2).
 q - the +1 Delatra's gloves (worn) {ID++}
   (You found it on level 4 of the Dungeon)

   ID++:      It heals its wearer when they drink unknown potions, and restores
   their MP when they read unknown scrolls.
Jewellery
 c - a ring of ice {rC+, rF-}
   (You found it on level 1 of the Spider Nest)
 f - a ring of fire {rF+, rC-}
   (You found it on level 1 of the Lair of Beasts)
 s - a ring of resist corrosion
   (You found it on level 14 of the Dungeon)
 C - the amulet of Vitality (around neck) {RegenMP++ Regen++}
   (You bought it in a shop on level 11 of the Dungeon)

   [amulet of magic regeneration]

   It increases your rate of magic regeneration.
   Regen:     It increases your rate of health regeneration.
 P - a ring of poison resistance (right hand) {rPois, !d}
   (You found it on level 8 of the Dungeon)
 Q - a +5 ring of evasion (left hand)
   (You found it on level 1 of the Dungeon)
 V - a ring of see invisible {sInv, !d}
   (You found it on level 9 of the Dungeon)
 W - a ring of willpower
   (You found it on level 4 of the Spider Nest)
Wands
 d - a wand of digging (7)
   (You took it off a merfolk on level 3 of the Shoals)
 i - a wand of iceblast (47)
   (You found it on level 5 of the Dungeon)
 j - a wand of polymorph (18)
   (You found it on level 1 of the Lair of Beasts)
 n - a wand of light (16)
   (You found it on level 5 of the Dungeon)
 p - a wand of paralysis (41)
   (You took it off a kobold on level 4 of the Dungeon)
 y - a wand of mindburst (5)
   (You found it on level 3 of the Shoals)
Scrolls
 o - 10 scrolls of fog
 r - 16 scrolls of identify {@r1}
 t - 2 scrolls of amnesia
 u - 3 scrolls of brand weapon
 x - 4 scrolls of poison {!r}
 D - a scroll of blinking {!r}
 E - a scroll of fear
 K - 7 scrolls of immolation {!r}
 O - 6 scrolls of silence
 S - 2 scrolls of summoning
 X - 2 scrolls of magic mapping {@r4!r}
 Y - 17 scrolls of teleportation {@r3}
 Z - 2 scrolls of enchant armour
Potions
 e - 8 potions of attraction {!q}
 z - 2 potions of cancellation
 A - a potion of invisibility
 B - 3 potions of brilliance
 G - 15 potions of ambrosia {!q}
 H - 6 potions of haste
 I - 3 potions of might
 J - 17 potions of curing {@q1}
 L - 5 potions of flight
 M - 6 potions of magic
 N - 5 potions of heal wounds {@q2}
 R - 2 potions of resistance
 T - 3 potions of berserk rage {!q}
 U - 7 potions of mutation {!q}
Miscellaneous
 l - a condenser vane
   (You found it on level 5 of the Lair of Beasts)
 v - a lightning rod (4/4)
   (You found it on level 5 of the Lair of Beasts)
 w - a phial of floods
   (You found it on level 11 of the Dungeon)
 F - a piece from Xom's chessboard (15/15)
   (You found it on level 5 of the Lair of Beasts)


   Skills:
 + Level 14.3 Fighting
 O Level 27 Ranged Weapons
 + Level 3.0 Armour
 + Level 15.4 Dodging
 + Level 16.9 Stealth
 - Level 10.0 Hexes
 - Level 8.2 Translocations
 - Level 10.3 Invocations


You had 15 spell levels left.
You knew the following spells:

 Your Spells              Type           Power      Damage    Failure   Level
a - Portal Projectile     Hex/Tloc       36%        N/A       4%          3

Your spell library contained the following spells:

 Spells                   Type           Power      Damage    Failure   Level
 Blink                    Tloc           32%        N/A       2%          2
 Lesser Beckoning         Tloc           32%        N/A       2%          2
 Gell's Gravitas          Tloc           16%        N/A       5%          3
 Teleport Other           Tloc           16%        N/A       5%          3
 Momentum Strike          Conj/Tloc      16%        3d8       16%         2
 Passage of Golubria      Tloc           16%        N/A       19%         4
 Dazzling Flash           Conj/Hex       20%        N/A       22%         3
 Inner Flame              Hex/Fire       10%        N/A       22%         3
 Volatile Blastmotes      Fire/Tloc      16%        2d11      30%         3
 Foxfire                  Conj/Fire      0%         2x1d4     50%         1
 Freeze                   Ice            0%         1d3       50%         1
 Magic Dart               Conj           0%         1d3       50%         1
 Fulminant Prism          Conj/Hex       5%         3d7       56%         4
 Passwall                 Tmut/Erth      0%         N/A       63%         2
 Iskenderun's Mystic Bla  Conj/Tloc      8%         2d4       71%         4
 Frozen Ramparts          Ice            0%         1d1       86%         3
 Hailstorm                Conj/Ice       0%         3d3       86%         3
 Mephitic Cloud           Conj/Pois/Air  0%         N/A       86%         3
 Yara's Violent Unravell  Hex/Tmut       5%         3d4       89%         5
 Ice Form                 Ice/Tmut       0%         N/A       99%         4
 Olgreb's Toxic Radiance  Pois           0%         N/A       99%         4
 Blade Hands              Tmut           0%         N/A       100%        5
 Fireball                 Conj/Fire      0%         3d3       100%        5
 Irradiate                Conj/Tmut      0%         3d11      100%        5
 Lee's Rapid Deconstruct  Erth           0%         3d4*      100%        5
 Plasma Beam              Fire/Air       0%         2x1d11    100%        6
 Starburst                Conj/Fire      0%         6d3       100%        6
 Statue Form              Tmut/Erth      0%         N/A       100%        6
 Dragon Form              Tmut           0%         N/A       100%        7
 Enfeeble                 Hex            10%        N/A       100%        7
 Discord                  Hex            10%        N/A       100%        8
 Ignition                 Fire           0%         3d3       100%        8
 Tukima's Dance           Hex            Unusable   N/A       N/A         3
 Call Imp                 Summ           Unusable   N/A       N/A         2

Dungeon Overview and Level Annotations

Branches:
Dungeon (15/15)            Temple (1/1) D:6            Lair (5/5) D:11
 Shoals (4/4) Lair:2       Spider (4/4) Lair:2          Orc (2/2) D:9
    Elf (0/3) Orc:2        Vaults (0/5) D:14         Depths (0/4) D:15
  Sewer (visited)
  Slime: Lair:4-5

Altars:
Ashenzari
Cheibriados
Dithmenos
Elyvilon
Fedhas
Gozag
Hepliaklqana
Kikubaaqudgha
Makhleb
Nemelex Xobeh
Okawaru
Qazlal
Ru
Sif Muna
Trog
Uskayaw
Vehumet
Wu Jian
Xom
Yredelemnul
Zin
The Shining One
Jiyva

Shops:
D:2 =(?*(   D:3 [   D:8 [   D:9 !   D:11 =   D:14 =   Orc:2 :([[*   Shoals:1 ![

Annotations:
D:6 1 transporter
D:11 3 runed translucent doors
Lair:4 2 transporters, Xyudeake's ghost, journeyman DEFE
Lair:5 1 runed translucent door, exclusion: azure jelly
Shoals:4 Nikola


Innate Abilities, Weirdness & Mutations

You are small and have problems with some larger weapons.
You are completely attuned to the shadows.


Message History

You start resting.
Health restored: 121 A faun comes into view.
It is wielding a +0 club.
You shoot a bolt. The faun shouts!
The bolt hits the faun!!!
You kill the faun!
Okawaru accepts your kill.
You hear a splash. x2
Your Armour skill increases to level 3!
No target in view!
r - 16 scrolls of identify {@r1} (gained 1)
You now have 1950 gold pieces (gained 13).
A harpy comes into view.
Okay, then.
Okay, then.
You shoot a bolt. The bolt barely misses the harpy.
The harpy completely misses you. x2
You shoot a bolt. The bolt hits the harpy!!!!
You kill the harpy!
Okawaru accepts your kill. 2 satyrs come into view.
You shoot a bolt. The bolt hits the satyr!!
The satyr shouts! x2
The satyr unwields a +0 spear.
The satyr wields a +0 longbow.
The satyr shoots an arrow.
The arrow completely misses you.
The satyr plays a frightful melody on his pipes!
The satyr radiates an aura of fear!
You are terrified of the satyr!
Nikola the Mad Inventor comes into view.
He is wielding a +3 rapier of electrocution.
You shoot a bolt.
Nikola shouts!
The bolt hits the satyr!!!
You kill the satyr!
Okawaru accepts your kill.
You hear a screech!
You hear an angry hiss.
You hear a shout!
The satyr unwields a +0 club.
The satyr wields a +0 longbow.
The satyr shoots an arrow.
The arrow hits you!!
You take 24 damage, and have 97/122 hp.
You shoot a bolt. The bolt hits Nikola!!!!
You hear a shout!
You hear an angry hiss.
You hear a shout! x2
A harpy comes into view.
The satyr shoots an arrow.
The arrow misses you.
A faun comes into view. It is wielding a +0 club.
You regained 3 hp, and now have 100/122 hp.
You shoot a bolt. The bolt hits Nikola!!
The satyr shoots an arrow.
The arrow completely misses you.
Nikola casts a spell.
Lightning arcs from Nikola's hands!
The bolt of lightning hits you!!!!
Ouch! That really hurt!
* * * LOW HITPOINT WARNING * * *
A bolt of lightning appears from out of thin air!
The bolt of lightning hits the harpy!!
The bolt of lightning hits Nikola!
The bolt of lightning hits the satyr!!!
The bolt of lightning hits the faun!!!
A manticore comes into view.
The harpy claws you but does no damage. The harpy barely misses you.
The satyr shoots an arrow.
The arrow misses you.
You hear a shout! x12; You hear a screech!
You hear a bleat!
Unknown command.
You take 72 damage, and have 28/122 hp.
MASSIVE DAMAGE!!
Really read
D - 2 scrolls of blinking {!r}?
Blink to where?
Press: ? - help, Dir - move target, p - Nikola
As you read the scroll of blinking {!r}, it crumbles to dust.
You are no longer terrified.
You regained 2 hp, and now have 30/122 hp.
You feel much better. The harpy barely misses you. The harpy misses you.
You regained 21 hp, and now have 51/122 hp.
You begin teleporting projectiles to their destination.
The harpy completely misses you. x2
Nikola mumbles some strange words.
Lightning arcs from Nikola's hands!
The bolt of lightning hits the harpy!!!
The harpy dies!
A bolt of lightning appears from out of thin air!
The bolt of lightning hits Nikola!
The bolt of lightning hits the satyr!!!
The satyr dies!
The bolt of lightning hits you!!!
* * * LOW HITPOINT WARNING * * *
You hear a shout!
You hear an angry hiss.
You hear a shout! x9
Fire: b) +7 triple crossbow (heavy)
Press: ? - help, Q - select action Shift-Dir - straight line, f - Nikola
Aim: Nikola, wielding a +3 rapier of electrocution, wearing a +0 cloak and wearing a +0 pair of gloves (severely wounded, 83% to hit)
You magically shoot a bolt.
The bolt hits Nikola.
A satyr comes into view. It is wielding a +0 quarterstaff.
A water nymph comes into view.
You take 31 damage, and have 20/122 hp.
MASSIVE DAMAGE!!
You now have 25/26 mp.
Fire: b) +7 triple crossbow (heavy)
Press: ? - help, Q - select action Shift-Dir - straight line, f/p - Nikola
Aim: Nikola, wielding a +3 rapier of electrocution, wearing a +0 cloak and wearing a +0 pair of gloves (severely wounded, 83% to hit)
You magically shoot a bolt.
The satyr shouts!
The bolt hits Nikola!!!
A wind drake comes into view.
Nikola mumbles some strange words.
Lightning arcs from Nikola's hands!
The bolt of lightning hits you!!!!
Ouch! That really hurt!
You die...

. .#...#### . .8~~..8...
. H~~~~~~~~~~~ ~~~~~) .
.c.8c~mk8... .)....8... .
...##...#######...##...#.
....#.......#......#..~..
..).).†..†..#..~...##.~..
....##@.@...+.~...~#...†#
.c.) ####...#.....~#.....
#### #...)#......#..~..
##..~####)####...#
#..........##...#
#######~..##...##
##~..##...#.~
###~..##.~.#.~~
#~.~..#...##~~~


You could see Nikola, a satyr, a wind drake (repels missiles) and a water nymph.

Vanquished Creatures
  Rupert (D:15)
  Polyphemus (Shoals:3)
  Roxanne (Spider:4)
  9 emperor scorpions
  6 ghost moths
  2 orc warlords
  4 broodmothers
  The ghost of math4jedi the Cleaver, a journeyman MiBe of Trog (Orc:2)
  2 ettins (D:12)
  Snorg (D:14)
  2 merfolk javelineers
  A fire dragon (D:11)
  4 merfolk impalers
  2 entropy weavers (Spider:2)
  8 vault guards (D:14)
  Fannar (Lair:1)
  5 hydras
  An ogre mage (D:12)
  4 jorogumos
  3 radroaches (Spider:2)
  8 centaur warriors
  A merfolk avatar (Shoals:2)
  5 boulder beetles
  Erica (Orc:1)
  A boulder beetle (shapeshifter) (D:13)
  2 catoblepae
  2 satyrs (Shoals:4)
  A tengu warrior (D:13)
  7 dancing weapons (Spider:1)
  An alligator snapping turtle (Shoals:2)
  A death scarab (Spider:4)
  2 merfolk aquamancers (Shoals:3)
  5 two-headed ogres
  12 death yaks
  A titan zombie (D:12)
  Nergalle (Orc:1)
  An orc high priest (Orc:2)
  Sonja (Lair:2)
  2 skysharks
  3 skeletal warriors (D:13)
  3 pharaoh ants
  A sun moth (Spider:4)
  Lodul (D:13)
  9 sea snakes
  3 deep trolls (D:15)
  11 orb spiders
  A wizard (D:15)
  Pikel (D:8)
  A lindwurm (Lair:4)
  14 harpies
  5 orc knights (Orc:2)
  A deep elf pyromancer (D:11)
  9 steelbarb worms
  8 fauns
  5 ugly things
  2 oklob plants
  A moth of wrath (Spider:4)
  22 wolf spiders
  A stone giant zombie (D:12)
  A manticore (shapeshifter) (D:11)
  2 orc sorcerers (Orc:2)
  19 cyclopes
  14 manticores
  2 water nymphs
  8 black mambas
  2 merfolk sirens (Shoals:1)
  A guardian serpent (shapeshifter) (D:15)
  6 torpor snails
  21 cane toads
  5 elephants (Lair:4)
  A gargoyle (D:10)
  12 demonic crawlers
  2 efreet
  An unseen horror (D:13)
  6 rime drakes
  A kobold demonologist (D:10)
  8 komodo dragons
  3 tengu conjurers
  2 wind drakes (Shoals:3)
  12 meliai
  2 queen bees
  3 trolls (Orc:2)
  4 tyrant leeches (Lair:5)
  2 polar bears
  45 tarantellas
  24 merfolk
  A tarantella (shapeshifter) (D:15)
  29 blink frogs
  24 dream sheep
  A dream sheep (shapeshifter) (D:15)
  24 jumping spiders
  9 snapping turtles
  19 slime creatures
  27 yaks
  19 culicivoras
  8 water elementals
  6 wyverns
  A wraith (D:12)
  A vampire (D:10)
  Grum (D:8)
  A basilisk (shapeshifter) (D:11)
  2 steam dragons
  10 basilisks
  7 wargs
  44 redbacks
  17 vampire mosquitoes
  11 water moccasins
  2 acid dragons
  4 black bears
  28 orc warriors
  2 sky beasts
  2 ice beasts (D:7)
  22 wolves
  A boggart (D:11)
  14 ogres
  11 centaurs
  3 phantoms
  A lemure (D:8)
  3 kobold brigands
  14 bullfrogs
  A gnoll sergeant (D:11)
  2 scorpions
  2 cyclops zombies (D:12)
  A hornet simulacrum (D:14)
  51 killer bees
  An electric eel (Spider:4)
  2 howler monkeys (D:9)
  2 hounds (D:5)
  11 orc priests
  2 gnoll boudas (D:5)
  2 jellies (D:5)
  Terence (D:3)
  A sleepcap (D:7)
  4 iguanas
  11 orc wizards
  A hell rat (Lair:4)
  14 gnolls
  14 adders
  4 river rats (Sewer)
  2 white imps
  3 ufetubi
  6 dart slugs
  60 orcs
  20 ball pythons
  6 bats
  4 bat zombies (D:11)
  9 endoplasms
  9 giant cockroaches
  11 goblins
  6 hobgoblins
  6 jackals
  14 kobolds
  7 quokkas
  5 frilled lizards
  27 rats
  A rat zombie (D:11)
1117 creatures vanquished.

Vanquished Creatures (others)
  A fire giant (D:12)
  A satyr (Shoals:4)
  A harpy (Shoals:4)
  A faun (Shoals:4)
  2 killer bees (Lair:4)
  5 orc wizards
11 creatures vanquished.

Grand Total: 1128 creatures vanquished

Notes
Turn   | Place    | Note
-------+----------+-------------------------------------------
     0 | D:1      | OTABOTABOTAB the Kobold Hunter began the quest for the Orb.
     0 | D:1      | Reached XP level 1. HP: 12/12 MP: 1/1
    42 | D:1      | You fall into a shaft and drop 1 floor!
   126 | D:2      | Reached XP level 2. HP: 18/18 MP: 2/2
   152 | D:2      | Reached skill level 2 in Stealth
   152 | D:2      | Reached XP level 3. HP: 22/22 MP: 3/3
   377 | D:1      | Found a faded altar of an unknown god.
   508 | D:1      | Reached skill level 6 in Ranged Weapons
   558 | D:1      | Reached skill level 3 in Dodging
   689 | D:1      | Reached XP level 4. HP: 27/27 MP: 4/4
   806 | D:2      | Found a basalt altar of Yredelemnul.
  1045 | D:2      | Found Atefu's Weapon Emporium.
  1227 | D:2      | Found Vasul's Magic Scroll Boutique.
  1542 | D:2      | Found Guluih's Jewellery Boutique.
  1571 | D:2      | Found Sicuam's Weapon Boutique.
  1573 | D:2      | Reached skill level 3 in Stealth
  1590 | D:2      | Reached skill level 3 in Fighting
  1590 | D:2      | Reached XP level 5. HP: 15/32 MP: 5/5
  1592 | D:2      | HP: 6/32 [gnoll/+0 spear (4)]
  1928 | D:2      | Found Moridi Ymeru's General Store.
  2151 | D:3      | Found Dirghaujo's Antique Armour Shop.
  2610 | D:3      | Noticed Terence
  2623 | D:3      | Killed Terence
  2681 | D:3      | Reached skill level 7 in Ranged Weapons
  2681 | D:3      | Reached XP level 6. HP: 37/37 MP: 6/6
  3007 | D:5      | Entered Level 5 of the Dungeon
  3066 | D:5      | Reached skill level 4 in Dodging
  3066 | D:5      | Reached skill level 4 in Stealth
  3119 | D:5      | Reached XP level 7. HP: 37/42 MP: 7/7
  3281 | D:5      | HP: 4/42 [ogre/+0 giant spiked club (10)]
  3286 | D:5      | Reached skill level 4 in Fighting
  3286 | D:5      | Reached skill level 8 in Ranged Weapons
  3489 | D:5      | Reached skill level 5 in Stealth
  3529 | D:5      | Reached skill level 5 in Dodging
  3529 | D:5      | Reached XP level 8. HP: 46/48 MP: 8/8
  3583 | D:5      | Reached skill level 9 in Ranged Weapons
  4355 | D:4      | Reached skill level 5 in Fighting
  4599 | D:4      | Reached skill level 6 in Stealth
  4715 | D:4      | Found the +1 Delatra's gloves {ID++}
  5291 | D:5      | Reached skill level 10 in Ranged Weapons
  5376 | D:5      | Reached skill level 6 in Dodging
  5376 | D:5      | Reached XP level 9. HP: 54/54 MP: 9/9
  5627 | D:6      | Found a glowing drain.
  5646 | Sewer    | Entered a sewer
  5920 | Sewer    | Reached skill level 7 in Stealth
  6095 | D:6      | Found a staircase to the Ecumenical Temple.
  6102 | Temple   | Entered the Ecumenical Temple
  6460 | Temple   | Became a worshipper of Warmaster Okawaru
  6663 | D:6      | Found a glowing golden altar of the Shining One.
  6913 | D:6      | Reached skill level 6 in Fighting
  6913 | D:6      | Reached skill level 1 in Invocations
  6941 | D:6      | Noticed a two-headed ogre
  6943 | D:6      | Found a transporter.
  6966 | D:6      | Reached skill level 11 in Ranged Weapons
  7649 | D:7      | Found a hide-covered altar of Uskayaw.
  7651 | D:7      | Noticed a +0 short sword
  7652 | D:7      | Noticed a +0 falchion
  7653 | D:7      | Noticed a +0 spear
  7653 | D:7      | Noticed a +0 dagger
  7655 | D:7      | Noticed a +0 short sword
  7655 | D:7      | Noticed a +0 dagger
  7667 | D:7      | Noticed a +0 spear
  7668 | D:7      | Noticed a +0 falchion
  7727 | D:7      | Reached skill level 2 in Invocations
  8664 | D:8      | Reached skill level 7 in Dodging
  8861 | D:8      | Noticed Pikel
  8871 | D:8      | Reached * piety under Okawaru
  8872 | D:8      | Reached skill level 8 in Stealth
  8872 | D:8      | Reached XP level 10. HP: 61/61 MP: 10/12
  8881 | D:8      | Noticed Grum
  8888 | D:8      | Killed Pikel
  8889 | D:8      | Reached skill level 12 in Ranged Weapons
  8889 | D:8      | Reached skill level 3 in Invocations
  8898 | D:8      | Killed Grum
  8905 | D:8      | Reached skill level 7 in Fighting
  9075 | D:8      | Found Yffoeg's Armour Boutique.
  9722 | D:9      | Noticed a two-headed ogre
  9730 | D:9      | Killed a two-headed ogre
  9730 | D:9      | Reached ** piety under Okawaru
  9731 | D:9      | Reached skill level 9 in Stealth
  9731 | D:9      | Reached skill level 4 in Invocations
  9897 | D:9      | Reached skill level 8 in Dodging
  9912 | D:9      | Reached *** piety under Okawaru
  9913 | D:9      | Reached skill level 13 in Ranged Weapons
 10104 | D:9      | Found a staircase to the Orcish Mines.
 10320 | D:9      | Identified the amulet of Hest {Faith Harm rF+ Dex+4 Stlth+}
 10439 | D:9      | Found Ocziutz's Distillery.
 10586 | D:9      | Reached XP level 11. HP: 68/68 MP: 14/14
 10753 | D:10     | Entered Level 10 of the Dungeon
 11055 | D:10     | Reached skill level 5 in Invocations
 11158 | D:10     | Reached **** piety under Okawaru
 11269 | D:10     | Reached skill level 8 in Fighting
 11481 | D:10     | Reached skill level 10 in Stealth
 11563 | D:10     | Noticed a two-headed ogre
 11573 | D:10     | Killed a two-headed ogre
 11573 | D:10     | Received a gift from Okawaru
 11574 | D:10     | Reached skill level 14 in Ranged Weapons
 12144 | D:11     | Reached skill level 9 in Dodging
 12177 | D:11     | Found a staircase to the Lair.
 12224 | D:11     | Noticed a two-headed ogre
 12240 | D:11     | Killed a two-headed ogre
 12240 | D:11     | Reached ***** piety under Okawaru
 12614 | D:12     | Noticed a manticore
 12627 | D:12     | Killed a manticore
 12628 | D:12     | Reached skill level 6 in Invocations
 12793 | D:12     | Noticed a two-headed ogre
 12798 | D:12     | Noticed a two-headed ogre
 12813 | D:12     | Killed a two-headed ogre
 13000 | D:12     | Noticed an ogre mage
 13008 | D:12     | Killed an ogre mage
 13009 | D:12     | Reached skill level 15 in Ranged Weapons
 13009 | D:12     | Reached XP level 12. HP: 75/75 MP: 16/16
 13031 | D:12     | Reached skill level 11 in Stealth
 13360 | D:12     | Reached skill level 9 in Fighting
 13384 | D:12     | Killed a two-headed ogre
 13384 | D:12     | Reached ****** piety under Okawaru
 13384 | D:12     | Received a gift from Okawaru
 13771 | D:12     | Reached skill level 10 in Dodging
 13786 | D:12     | Identified the +1 robe of Leostim {Contam rN+++ MP+9 Dex+4}
                  | (Okawaru gifted it to you on level 12 of the Dungeon)
 13786 | D:12     | Received a gift from Okawaru
 13787 | D:12     | Reached skill level 7 in Invocations
 14221 | D:12     | Reached skill level 16 in Ranged Weapons
 14276 | D:12     | Noticed an ettin
 14280 | D:12     | Noticed an ettin
 14319 | D:12     | Killed an ettin
 14320 | D:12     | Reached skill level 12 in Stealth
 14354 | D:12     | Killed an ettin
 14681 | D:12     | Reached skill level 10 in Fighting
 14692 | D:12     | Reached skill level 8 in Invocations
 14692 | D:12     | Reached XP level 13. HP: 64/82 MP: 17/19
 14703 | D:12     | Reached skill level 11 in Dodging
 14783 | D:12     | Found the +27 heavy crossbow "Sniper" {heavy, Acc+∞ SInv}
 14787 | D:12     | Identified the +1 morningstar of Insomnia {pain, rC+ Str+3}
 14796 | D:12     | Identified the +3 short sword "Lyuforat" {heavy, rN+++
                  | Str+4 Dex-3}
 14797 | D:12     | Identified the +7 mace "Moar" {freeze, SInv}
 14798 | D:12     | Identified the +1 halberd of Victory {pain, Will+ Int+3}
 14800 | D:12     | Identified the +4 mace of Vounoggio {venom, rElec Str+6
                  | Int+4}
 14808 | D:12     | Noticed a fire giant
 14811 | D:12     | HP: 4/82 [fire giant/fireball (40)]
 14811 | D:12     | Killed a fire giant
 15043 | D:11     | Found an ancient bone altar of Kikubaaqudgha.
 15133 | D:11     | Found a runed translucent door.
 15155 | D:11     | Noticed a five-headed hydra
 15163 | D:11     | Noticed a six-headed hydra
 15166 | D:11     | Killed a five-headed hydra
 15166 | D:11     | Noticed a centaur warrior
 15167 | D:11     | Reached skill level 13 in Stealth
 15167 | D:11     | Killed a six-headed hydra
 15171 | D:11     | Received a gift from Okawaru
 15171 | D:11     | Noticed a fire dragon
 15171 | D:11     | Identified the +6 rapier of Instinct {vamp, rF+}
 15171 | D:11     | Noticed a centaur warrior
 15172 | D:11     | Killed a centaur warrior
 15173 | D:11     | Reached skill level 9 in Invocations
 15174 | D:11     | Killed a fire dragon
 15175 | D:11     | Killed a centaur warrior
 15178 | D:11     | Reached skill level 11 in Fighting
 15184 | D:11     | Reached skill level 12 in Dodging
 15184 | D:11     | Identified the +2 robe of Foppud {Str-4 Dex+7} (Okawaru
                  | gifted it to you on level 11 of the Dungeon)
 15184 | D:11     | Received a gift from Okawaru
 15349 | D:11     | Identified the +3 leather armour "Tassoad" {rF+++ Str-3
                  | Dex+5}
 15431 | D:11     | Found Wobomaoff's Jewellery Shoppe.
 15560 | D:11     | Found a runed translucent door.
 15615 | D:11     | Found a runed translucent door.
 15619 | D:11     | Found a runed translucent door.
 15848 | Lair:1   | Entered Level 1 of the Lair of Beasts
 15884 | Lair:1   | Reached skill level 14 in Stealth
 15968 | Lair:1   | Noticed Fannar
 15969 | Lair:1   | Killed Fannar
 16576 | Lair:2   | Found a hole to the Spider Nest.
 16875 | Lair:2   | Reached XP level 14. HP: 90/90 MP: 21/21
 16881 | Lair:2   | Reached skill level 10 in Invocations
 17034 | Lair:2   | Noticed Sonja
 17035 | Lair:2   | Killed Sonja
 17346 | Lair:2   | Found a staircase to the Shoals.
 17619 | Lair:3   | Reached skill level 12 in Fighting
 17674 | Lair:3   | Reached skill level 13 in Dodging
 17678 | Lair:3   | Reached skill level 15 in Stealth
 17951 | Lair:3   | Received a gift from Okawaru
 18134 | Lair:3   | Learned a level 3 spell: Portal Projectile
 18331 | Lair:4   | Reached skill level 17 in Ranged Weapons
 18352 | Lair:4   | Received a gift from Okawaru
 18548 | Lair:4   | Reached XP level 15. HP: 97/97 MP: 22/22
 18650 | Lair:4   | Found a transporter.
 18651 | Lair:4   | Found a transporter.
 18652 | Lair:4   | Noticed Xyudeake's ghost (journeyman DEFE)
 18980 | Lair:4   | Identified the +1 buckler of Undesirable Species {Contam
                  | +Inv Will+++ rCorr} (Okawaru gifted it to you on level 4 of
                  | the Lair of Beasts)
 18980 | Lair:4   | Received a gift from Okawaru
 19000 | Lair:4   | Reached skill level 16 in Stealth
 19452 | Lair:5   | Entered Level 5 of the Lair of Beasts
 19464 | Lair:5   | Reached skill level 18 in Ranged Weapons
 19637 | Lair:5   | Reached skill level 14 in Dodging
 19646 | Lair:5   | Reached skill level 13 in Fighting
 19706 | Lair:5   | Found a runed translucent door.
 19706 | Lair:5   | Found a viscous altar of Jiyva.
 19707 | Lair:5   | Noticed an azure jelly
 20222 | D:11     | Bought the amulet of Vitality {RegenMP++ Regen++} for 1300
                  | gold pieces
 20222 | D:11     | Found the amulet of Vitality {RegenMP++ Regen++}
 20434 | Lair:5   | Reached skill level 19 in Ranged Weapons
 21288 | Orc:1    | Entered Level 1 of the Orcish Mines
 21289 | Orc:1    | Noticed Erica
 21292 | Orc:1    | Killed Erica
 21298 | Orc:1    | Received a gift from Okawaru
 21380 | Orc:1    | Noticed Nergalle
 21380 | Orc:1    | Noticed an orc warlord
 21398 | Orc:1    | Killed Nergalle
 21404 | Orc:1    | Killed an orc warlord
 21405 | Orc:1    | Reached skill level 1 in Hexes
 21405 | Orc:1    | Reached skill level 1 in Translocations
 21571 | Orc:2    | Entered Level 2 of the Orcish Mines
 21571 | Orc:2    | Found Ibry Ont's Armour Shop.
 21571 | Orc:2    | Found a staircase to the Elven Halls.
 21601 | Orc:2    | Reached XP level 16. HP: 92/105 MP: 23/23
 21853 | Orc:2    | Found Cualedew's Book Shoppe.
 21881 | Orc:2    | Reached skill level 2 in Hexes
 21881 | Orc:2    | Reached skill level 2 in Translocations
 21892 | Orc:2    | Reached skill level 20 in Ranged Weapons
 21934 | Orc:2    | Found Agolikk's Antique Armour Boutique.
 21968 | Orc:2    | Found Ysib's General Store.
 22068 | Orc:2    | Found a runed translucent door.
 22082 | Orc:2    | Reached skill level 3 in Hexes
 22114 | Orc:2    | Found Anerop's Antique Weapon Shop.
 22254 | Orc:2    | Noticed math4jedi's ghost (journeyman MiBe)
 22258 | Orc:2    | Killed math4jedi's ghost
 22607 | D:13     | Identified the +0 ring mail of Tenacity {rElec} (Okawaru
                  | gifted it to you on level 13 of the Dungeon)
 22607 | D:13     | Received a gift from Okawaru
 22674 | D:13     | Noticed Lodul
 22677 | D:13     | Killed Lodul
 22678 | D:13     | Reached skill level 3 in Translocations
 22875 | D:13     | Reached skill level 4 in Hexes
 23581 | D:14     | Reached skill level 4 in Translocations
 23586 | D:14     | Reached skill level 21 in Ranged Weapons
 23649 | D:14     | Noticed Snorg
 23654 | D:14     | Killed Snorg
 23660 | Arena    | Entered the Arena
 23759 | D:14     | Found Apsy's Jewellery Boutique.
 23783 | D:14     | Reached skill level 5 in Hexes
 23808 | D:14     | Found a gate to the Vaults.
 23870 | D:14     | Reached skill level 5 in Translocations
 24120 | D:15     | Entered Level 15 of the Dungeon
 24250 | D:15     | Received a gift from Okawaru
 24308 | D:15     | Reached XP level 17. HP: 108/110 MP: 24/24
 24370 | D:15     | Identified the +2 ring mail of Pragmatism {Int+5} (Okawaru
                  | gifted it to you on level 15 of the Dungeon)
 24370 | D:15     | Received a gift from Okawaru
 24532 | D:15     | Reached skill level 6 in Hexes
 24537 | D:15     | Reached skill level 22 in Ranged Weapons
 24547 | D:15     | Found a staircase to the Depths.
 24795 | D:15     | Noticed Rupert
 24800 | D:15     | Killed Rupert
 25027 | Spider:1 | Entered Level 1 of the Spider Nest
 25039 | Spider:1 | HP: 23/110 [tarantella simulacrum (21)]
 25046 | Lair:2   | HP: 27/110 [something (5)]
 25153 | Spider:1 | Reached skill level 7 in Hexes
 25405 | Spider:1 | Reached skill level 23 in Ranged Weapons
 25561 | Spider:1 | Found a runed translucent door.
 25690 | Spider:2 | Identified the +5 triple crossbow "Reraedgh" {heavy, MP+9
                  | Str-4 SInv} (Okawaru gifted it to you on level 2 of the
                  | Spider Nest)
 25690 | Spider:2 | Received a gift from Okawaru
 25714 | Spider:2 | Reached skill level 24 in Ranged Weapons
 25810 | Spider:2 | You fall into a shaft and drop 1 floor!
 26314 | Spider:2 | Received a gift from Okawaru
 26319 | Spider:2 | Reached XP level 18. HP: 113/116 MP: 15/25
 27078 | Spider:3 | Reached skill level 25 in Ranged Weapons
 27091 | Spider:3 | Reached skill level 6 in Translocations
 27432 | Spider:3 | Reached skill level 8 in Hexes
 27492 | Spider:3 | Identified the +1 helmet of Shadows and Fog {Dex+2}
                  | (Okawaru gifted it to you on level 3 of the Spider Nest)
 27492 | Spider:3 | Received a gift from Okawaru
 27986 | Spider:4 | Entered Level 4 of the Spider Nest
 28179 | Spider:4 | Identified Roxanne's Anthology of Shapes
 28179 | Spider:4 | Noticed Roxanne
 28185 | Spider:4 | Killed Roxanne
 28186 | Spider:4 | Reached skill level 7 in Translocations
 28408 | Spider:4 | HP: 23/116 [demonic crawler (8)]
 28408 | Spider:4 | HP: 10/116 [demonic crawler (13)]
 28465 | Spider:4 | Reached skill level 26 in Ranged Weapons
 28471 | Spider:4 | Reached skill level 9 in Hexes
 28637 | Spider:4 | Got a gossamer rune of Zot
 28694 | Spider:4 | Reached XP level 19. HP: 116/120 MP: 26/26
 28702 | Spider:4 | Identified the +3 robe of Buwopesh {Harm *Slow Int+3 SInv}
                  | (Okawaru gifted it to you on level 4 of the Spider Nest)
 28702 | Spider:4 | Received a gift from Okawaru
 28714 | Spider:4 | Reached skill level 8 in Translocations
 29064 | Shoals:1 | Entered Level 1 of the Shoals
 29064 | Shoals:1 | Found Nagyru's Distillery.
 29165 | Shoals:1 | Found a sparkling altar of Nemelex Xobeh.
 29497 | Shoals:1 | Found Wager's Antique Armour Shop.
 30075 | Shoals:2 | Reached skill level 10 in Hexes
 30196 | Shoals:2 | Reached skill level 27 in Ranged Weapons
 30753 | Shoals:3 | Reached skill level 1 in Armour
 30845 | Shoals:3 | Reached skill level 15 in Dodging
 31042 | Shoals:3 | Noticed Polyphemus
 31068 | Shoals:3 | Killed Polyphemus
 31069 | Shoals:3 | Reached skill level 14 in Fighting
 31225 | Shoals:3 | Reached skill level 2 in Armour
 31408 | Shoals:3 | Identified the +0 kite shield of Reason {-Cast rF+ Str+3}
                  | (Okawaru gifted it to you on level 3 of the Shoals)
 31408 | Shoals:3 | Received a gift from Okawaru
 31558 | Shoals:4 | Entered Level 4 of the Shoals
 31683 | Shoals:4 | HP: 28/121 [poisoned by a sea snake]
 31688 | Shoals:4 | HP: 25/121 [poisoned by a sea snake]
 31693 | Shoals:4 | HP: 30/121 [poisoned by a sea snake]
 31776 | Shoals:4 | Reached skill level 3 in Armour
 31795 | Shoals:4 | Noticed Nikola
 31798 | Shoals:4 | HP: 28/122 [Nikola/arc of chain lightning (75)]
 31803 | Shoals:4 | Killed from afar by Nikola

Illustrated notes

Levels and vault maps discovered:
D:1:      minmay_arrival_checkered_box, layout_rooms,
          shapermc_ecumenical_altar_hornbeckon
D:2:      layout_basic, serial_shops, nicolae_shop_peninsula, shop, shop, shop,
          nicolae_diamond_shop, basic_altar, amcnicky_mini_corridor_feature
D:3:      layout_basic, serial_shops, shop, uniq_terence
D:4:      layout_basic, serial_co_window_serial, co_window_paths_a,
          co_window_paths_a, co_window_of_opportunity_a, co_window_paths_a,
          co_window_paths_a, co_window_paths_c, co_window_2corner,
          co_window_unsneaky_path_e, co_window_sun, glass_columns_a,
          glass_columns_a, glass_columns_b, glass_columns_b,
          pf_guarded_unrand_delatra
D:5:      kennysheep_spiral_hall, layout_loops_ring
D:6:      layout_loops_corners, tso_metal_star, minmay_temple_entry_sparse_star,
          gammafunk_ghost_smash, portal_sewer_entry_f
D:7:      layout_basic, nicolae_uskayaw_en_pointe,
          hangedman_abyss_or_decor_stabs, hangedman_abyss_or_decor_lesser_grid,
          minmay_misc_feat_plants
D:8:      layout_basic, serial_shops, nicolae_shop_window_shopping,
          serial_rivers, chequers_serial_rivers_micro_c,
          chequers_serial_rivers_micro_c, chequers_serial_rivers_micro_c,
          chequers_serial_rivers_small_3, chequers_serial_rivers_micro_d,
          uniq_pikel, uniq_grum
D:9:      layout_basic, minmay_orc_entry_temple_small, serial_shops,
          nicolae_shop_tiny_statue_garden
D:10:     layout_roguey
D:11:     minmay_the_grid_triangle_9x9_recursive_3_mashed
          [minmay_the_grid_triangle_9x9_pentomino_pain,
          minmay_the_grid_triangle_9x9_intruding_spiral,
          minmay_the_grid_triangle_9x9_wacky_v,
          minmay_the_grid_triangle_9x9_prize_insulated,
          minmay_the_grid_triangle_9x9_odd_lines,
          minmay_the_grid_triangle_9x9_zippers_horizontal,
          minmay_the_grid_triangle_9x9_fully_insulated_deathbox,
          minmay_the_grid_triangle_9x9_limited_checkers,
          minmay_the_grid_triangle_9x9_subtriangle], layout_basic,
          david_lair_generic, special_room [special_room_bee], serial_shops,
          kennysheep_mini_moat, lemuel_zombie_altar_kikubaaqudgha
D:12:     giant_chief_lemuel, layout_rooms
D:13:     layout_roguey, uniq_lodul
D:14:     layout_rooms, erik_vaults_2, serial_shops,
          nicolae_shop_temple_entry_statues_fountains, uniq_snorg
D:15:     hangedman_depths_entry_civil_slaughter, layout_irregular_city,
          uniq_rupert
Temple:   mainiacjoe_temple_cubbyholes
Lair:1:   layout_big_grid, lemuel_old_faithful, uniq_fannar
Lair:2:   layout_gridlike, minmay_shoals_entry_hut, spider_nest_entry_web_field,
          lemuel_fruit_fields, uniq_sonja
Lair:3:   layout_concentric_octagons
Lair:4:   regret_index_tunnel_blossom, layout_regular_city, gammafunk_ghost_hive
Lair:5:   minmay_lair_end_frog_pond, layout_regular_city, slime_entry_2,
          minmay_lair_oklob_bushes, hangedman_lair_unloving_vines, minivault_25
Shoals:1: layout_shoals, serial_shops, shop, shop, lemuel_oklob_altar
Shoals:2: layout_shoals
Shoals:3: layout_shoals, uniq_polyphemus
Shoals:4: shoals_end_hellmonk_lost_city, uniq_nikola
Spider:1: cheibrodos_spider_deadly_dance
Spider:2: layout_chambers
Spider:3: layout_spider_delve, hangedman_spider_tarantella_strand
Spider:4: guppyfry_spider_rune, uniq_roxanne
Orc:1:    layout_caves, uniq_nergalle, uniq_erica
Orc:2:    grunt_orc_gardens, layout_diamond_mine, grunt_orc_garden,
          grunt_orc_garden, grunt_orc_garden, grunt_orc_garden, serial_shops,
          shop, basic_altar, ebering_ghost_inner_flame

Skill      XL: |  1  2  3  4  5  6  7  8  9 10 11 12 13 14 15 16 17 18 19 |
---------------+----------------------------------------------------------+-----
Stealth        | 2 3 4 5 6 8 9 10 12 14 15 16 | 16.9
Ranged Weapons | 6 7 8 10 11 13 15 16 17 19 21 24 26 27 | 27.0
Dodging        | 3 4 5 6 7 8 9 10 12 13 14 15 | 15.4
Fighting       | 3 4 5 6 7 8 10 11 12 13 14 | 14.3
Invocations    | 2 4 6 8 9 10 | 10.3
Hexes          | 1 5 7 9 10 | 10.0
Translocations | 1 5 7 8 |  8.2
Armour         | 3 |  3.0

Action                     |  1- 3 |  4- 6 |  7- 9 | 10-12 | 13-15 | 16-18 | 19-21 || total
---------------------------+-------+-------+-------+-------+-------+-------+-------++-------
  Melee: Shortbow          |       |       |     1 |       |       |       |       ||     1
   Fire: Shortbow          |    53 |   149 |   489 |   787 |    14 |       |       ||  1492
         Heavy crossbow    |       |       |       |       |   243 |   113 |       ||   356
         Triple crossbow   |       |       |       |       |   179 |   625 |   257 ||  1061
   Cast: Portal Projectile |       |       |       |       |       |     3 |     7 ||    10
 Invoke: Heroism           |       |       |       |       |     5 |     2 |     1 ||     8
         Finesse           |       |       |       |       |     2 |     2 |     1 ||     5
         Duel              |       |       |       |       |       |     1 |       ||     1
  Evoke: Wand              |       |       |       |     5 |       |       |       ||     5
    Use: Scroll            |       |     6 |    13 |     7 |     9 |     3 |     3 ||    41
         Potion            |       |       |     1 |     3 |     2 |     4 |     1 ||    11
 Armour: Leather armour    |     1 |     6 |    51 |    21 |    48 |   143 |    31 ||   301
         Skin              |       |       |     9 |       |       |       |       ||     9
         Acid dragon scale |       |       |       |    30 |     6 |       |       ||    36
  Dodge: Dodged            |    12 |    88 |   415 |   435 |   781 |  1580 |   350 ||  3661

Levels and vault maps discovered:
D:1:      minmay_arrival_checkered_box, layout_rooms,
          shapermc_ecumenical_altar_hornbeckon
D:2:      layout_basic, serial_shops, nicolae_shop_peninsula, shop, shop, shop,
          nicolae_diamond_shop, basic_altar, amcnicky_mini_corridor_feature
D:3:      layout_basic, serial_shops, shop, uniq_terence
D:4:      layout_basic, serial_co_window_serial, co_window_paths_a,
          co_window_paths_a, co_window_of_opportunity_a, co_window_paths_a,
          co_window_paths_a, co_window_paths_c, co_window_2corner,
          co_window_unsneaky_path_e, co_window_sun, glass_columns_a,
          glass_columns_a, glass_columns_b, glass_columns_b,
          pf_guarded_unrand_delatra
D:5:      kennysheep_spiral_hall, layout_loops_ring
D:6:      layout_loops_corners, tso_metal_star, minmay_temple_entry_sparse_star,
          gammafunk_ghost_smash, portal_sewer_entry_f
D:7:      layout_basic, nicolae_uskayaw_en_pointe,
          hangedman_abyss_or_decor_stabs, hangedman_abyss_or_decor_lesser_grid,
          minmay_misc_feat_plants
D:8:      layout_basic, serial_shops, nicolae_shop_window_shopping,
          serial_rivers, chequers_serial_rivers_micro_c,
          chequers_serial_rivers_micro_c, chequers_serial_rivers_micro_c,
          chequers_serial_rivers_small_3, chequers_serial_rivers_micro_d,
          uniq_pikel, uniq_grum
D:9:      layout_basic, minmay_orc_entry_temple_small, serial_shops,
          nicolae_shop_tiny_statue_garden
D:10:     layout_roguey
D:11:     minmay_the_grid_triangle_9x9_recursive_3_mashed
          [minmay_the_grid_triangle_9x9_pentomino_pain,
          minmay_the_grid_triangle_9x9_intruding_spiral,
          minmay_the_grid_triangle_9x9_wacky_v,
          minmay_the_grid_triangle_9x9_prize_insulated,
          minmay_the_grid_triangle_9x9_odd_lines,
          minmay_the_grid_triangle_9x9_zippers_horizontal,
          minmay_the_grid_triangle_9x9_fully_insulated_deathbox,
          minmay_the_grid_triangle_9x9_limited_checkers,
          minmay_the_grid_triangle_9x9_subtriangle], layout_basic,
          david_lair_generic, special_room [special_room_bee], serial_shops,
          kennysheep_mini_moat, lemuel_zombie_altar_kikubaaqudgha
D:12:     giant_chief_lemuel, layout_rooms
D:13:     layout_roguey, uniq_lodul
D:14:     layout_rooms, erik_vaults_2, serial_shops,
          nicolae_shop_temple_entry_statues_fountains, uniq_snorg
D:15:     hangedman_depths_entry_civil_slaughter, layout_irregular_city,
          uniq_rupert
Temple:   mainiacjoe_temple_cubbyholes
Lair:1:   layout_big_grid, lemuel_old_faithful, uniq_fannar
Lair:2:   layout_gridlike, minmay_shoals_entry_hut, spider_nest_entry_web_field,
          lemuel_fruit_fields, uniq_sonja
Lair:3:   layout_concentric_octagons
Lair:4:   regret_index_tunnel_blossom, layout_regular_city, gammafunk_ghost_hive
Lair:5:   minmay_lair_end_frog_pond, layout_regular_city, slime_entry_2,
          minmay_lair_oklob_bushes, hangedman_lair_unloving_vines, minivault_25
Shoals:1: layout_shoals, serial_shops, shop, shop, lemuel_oklob_altar
Shoals:2: layout_shoals
Shoals:3: layout_shoals, uniq_polyphemus
Shoals:4: shoals_end_hellmonk_lost_city, uniq_nikola
Spider:1: cheibrodos_spider_deadly_dance
Spider:2: layout_chambers
Spider:3: layout_spider_delve, hangedman_spider_tarantella_strand
Spider:4: guppyfry_spider_rune, uniq_roxanne
Orc:1:    layout_caves, uniq_nergalle, uniq_erica
Orc:2:    grunt_orc_gardens, layout_diamond_mine, grunt_orc_garden,
          grunt_orc_garden, grunt_orc_garden, grunt_orc_garden, serial_shops,
          shop, basic_altar, ebering_ghost_inner_flame

Table legend: (Time is in decaauts)
 A = Elapsed time spent in this place.
 B = Non-inter-level travel time spent in this place.
 C = Inter-level travel time spent in this place.
 D = Time resting spent in this place.
 E = Time spent auto-exploring this place.
 F = Levels seen in this place.
 G = Mean time per level.
                   A        B        C        D        E       F      G
               +--------+--------+--------+--------+--------+-----+--------+
         Total |  33423 |  31665 |   1758 |   2524 |  23387 |  33 | 1012.8 |
       Dungeon |  18109 |  17153 |    956 |   1942 |  12563 |  15 | 1207.3 |
        Temple |    410 |    377 |     33 |      0 |    337 |   1 |  410.0 |
          Lair |   5829 |   5354 |    475 |    331 |   4030 |   5 | 1165.8 |
        Shoals |   3225 |   3113 |    112 |     84 |   2504 |   4 |  806.2 |
   Spider Nest |   4299 |   4159 |    140 |     70 |   3071 |   4 | 1074.8 |
  Orcish Mines |   1088 |   1047 |     41 |      0 |    692 |   2 |  544.0 |
         Sewer |    442 |    442 |      0 |     97 |    188 |   1 |  442.0 |
         Arena |     17 |     17 |      0 |      0 |      0 |   1 |   17.0 |
               +--------+--------+--------+--------+--------+-----+--------+

Top non-repeatable levels by time:
    D:11: 2370 daAuts
    D:12: 2222 daAuts
  Lair:5: 1621 daAuts
     D:4: 1586 daAuts
Spider:2: 1489 daAuts
  Lair:4: 1476 daAuts
     D:2: 1349 daAuts
     D:9: 1227 daAuts
     D:5: 1184 daAuts
     D:6: 1158 daAuts
  Lair:2: 1153 daAuts
Shoals:3: 1104 daAuts
Spider:4: 1077 daAuts
     D:7: 1065 daAuts
Spider:3: 1065 daAuts

Table legend:
 A = Kills in this place as a percentage of kills in the entire game.
 B = Kills by you in this place as a percentage of kills by you in the entire game.
 C = Kills by friends in this place as a percentage of kills by friends in the entire game.
 D = Other kills in this place as a percentage of other kills in the entire game.
 E = Experience gained in this place as a percentage of experience gained in the entire game.
 F = Experience gained in this place divided by the number of levels of this place that you have seen.
                   A       B       C       D       E      F
               +-------+-------+-------+-------+-------+----------------------
         Total | 100.0 | 100.0 |   N/A | 100.0 | 100.0 | 9912.2
       Dungeon |  35.9 |  35.8 |   N/A |  66.7 |  24.9 | 5422.6
          Lair |  20.6 |  20.6 |   N/A |   0.0 |  19.9 | 13026.8
        Shoals |  10.3 |  10.3 |   N/A |   0.0 |  17.3 | 14172.5
   Spider Nest |  21.3 |  21.3 |   N/A |   0.0 |  32.6 | 26698.8
  Orcish Mines |   7.7 |   7.6 |   N/A |  33.3 |   4.9 | 8004.0
         Sewer |   4.2 |   4.2 |   N/A |   0.0 |   0.1 | 311.0
         Arena |   0.1 |   0.1 |   N/A |   0.0 |   0.3 | 825.0
               +-------+-------+-------+-------+-------+----------------------
